 Dungeon Crawl Stone Soup version 0.31-a0-151-ge443d1f16c (webtiles) character file.

Game seed: 11371952391823021878

224 qw the Shooter (level 5, -2/47 HPs)
             Began as a Minotaur Hunter on June 8, 2023.
             Slain by a gnoll
             ... wielding a +0 flail
             ... led by a gnoll bouda
              (8 damage)
             ... on level 4 of the Dungeon.
             The game lasted 00:00:55 (2017 turns).

qw the Shooter (Minotaur Hunter)                    Turns: 2017, Time: 00:00:56

Health: -2/47      AC:  5    Str: 15    XL:     5   Next: 67%
Magic:  4/4        EV: 11    Int:  6    God:
Gold:   139        SH:  0    Dex: 16    Spells: 4/4 levels left

rFire   . . .        Y - +1 shortbow
rCold   . . .        (shield currently unavailable)
rNeg    . . .        k - +0 ring mail
rPois   .            (helmet restricted)
rElec   .            (no cloak)
rCorr   .            (no gloves)
SInv    .            (no boots)
Will    .....        c - amulet of regeneration
Stlth   +            (no ring)
HPRegen 1.07/turn    (no ring)
MPRegen 0.09/turn

%: no passive effects
@: weakened
A: horns 2, retaliatory headbutt
a: no special abilities


You were on level 4 of the Dungeon.
You visited 1 branch of the dungeon, and saw 4 of its levels.

You collected 139 gold pieces.


Innate Abilities, Weirdness & Mutations

You have a pair of horns on your head.
You reflexively headbutt those who attack you in melee.


   Skills:
 - Level 4.7 Fighting
 + Level 6.5 Ranged Weapons
 - Level 1.0 Armour
 - Level 2.1 Dodging
 - Level 0.7 Stealth


You had 4 spell levels left.
You didn't know any spells.
Your spell library was empty.

Inventory:

Hand Weapons
 Y - a +1 shortbow (weapon)
Armour
 k - a +0 ring mail (worn)
Jewellery
 c - an amulet of regeneration (around neck)
Scrolls
 e - a scroll of enchant armour
 g - a scroll of identify
Potions
 a - 2 potions of haste {unknown}
 b - a potion of mutation
 d - a potion of cancellation
 f - a potion of enlightenment {unknown}
 h - 3 potions of heal wounds
 i - a potion of curing

Dungeon Overview and Level Annotations

Branches:
Dungeon (4/15)
 Temple: D:4-7

Altars:


Message History

The gnoll hits you with a +0 flail! The gnoll bouda closely misses you.
The gnoll barely misses you. You furiously retaliate!
You headbutt the gnoll. You shoot an arrow.
The arrow hits the gnoll bouda but does no damage.
The gnoll bouda is severely wounded.
The gnoll is no longer moving quickly.
The gnoll hits you but does no damage.
You shoot an arrow. The arrow barely misses the gnoll.
You shoot an arrow.
The arrow closely misses the gnoll bouda.
Your attacks no longer feel as feeble.
The black bear bites you.
The black bear claws you but does no damage. x2
The black bear closely misses you. You furiously retaliate!
You headbutt the black bear, but do no damage.
The black bear closely misses you.
The black bear claws you but does no damage.
The gnoll bouda gazes fiercely through you!
You feel your attacks grow feeble. The gnoll bouda closely misses you.
You shoot an arrow. The arrow hits the gnoll bouda.
The gnoll bouda is severely wounded.
The black bear bites you but does no damage.
The black bear claws you but does no damage.
The black bear barely misses you.
The gnoll bouda mumbles some strange prayers to its god.
The gnoll bouda is healed somewhat.
The gnoll hits you with a +0 flail.
You shoot an arrow. The arrow hits the gnoll bouda.
The gnoll bouda is severely wounded.
The gnoll is no longer moving quickly.
The black bear completely misses you. You furiously retaliate!
You headbutt the black bear.
The black bear claws you but does no damage.
The black bear claws you.
The gnoll bouda hits you with a +0 whip.
The gnoll hits you with a +0 flail!
You shoot an arrow. The arrow hits the gnoll bouda.
The gnoll bouda is almost dead.
The gnoll hits you but does no damage. The black bear bites you.
The black bear claws you. x2; The gnoll bouda misses you.
The gnoll hits you with a +0 flail. The gnoll hits you with a +0 flail!
You die...

#############
........#<..#
.^........#.#
..........+ #
..........#
.......)..###
............#
...?..g@###+#
......ghg......
####...).......
#...........
#...........
#...........
######......
......


You could see a black bear, a gnoll bouda and 2 gnolls.

Vanquished Creatures
  A phantom (D:4)
  An iguana (D:4)
  An orc wizard (D:4)
  2 adders (D:3)
  3 worms
  2 dart slugs
  5 orcs
  An endoplasm (D:3)
  8 giant cockroaches
  2 goblins (D:1)
  4 hobgoblins
  6 jackals (D:1)
  6 kobolds
  2 quokkas (D:2)
  7 ball pythons
  4 bats
  3 frilled lizards
  4 rats
62 creatures vanquished.

Notes
Turn   | Place    | Note
-------+----------+-------------------------------------------
     0 | D:1      | qw the Minotaur Hunter began the quest for the Orb.
     0 | D:1      | Reached XP level 1. HP: 18/18 MP: 0/0
     0 | D:1      | 0 ||| qw: Version: 0.2-a-120-gdf1a93b
     0 | D:1      | 0 ||| qw: Game counter: 3089
     0 | D:1      | 0 ||| qw: Always use a shield: true
     0 | D:1      | 0 ||| qw: God list: Okawaru
     0 | D:1      | 0 ||| qw: Allow faded altars: false
     0 | D:1      | 0 ||| qw: Do Orc after D:15 true
     0 | D:1      | 0 ||| qw: Do second Lair branch before Depths: true
     0 | D:1      | 0 ||| qw: Lair rune preference: random
     0 | D:1      | 0 ||| qw: Plans: Normal
     0 | D:1      | 0 ||| PLANNING D:1-11
    47 | D:1      | Reached XP level 2. HP: 25/25 MP: 1/1
    72 | D:1      | Reached skill level 5 in Ranged Weapons
   323 | D:1      | Reached skill level 3 in Fighting
   454 | D:1      | Reached XP level 3. HP: 31/31 MP: 2/2
   609 | D:1      | 609 ||| UPGRADING to +0 ring mail.
   619 | D:1      | 619 ||| DROPPING +0 leather armour.
   620 | D:1      | 620 ||| READING 2 scrolls labelled HEXICE UMESAT.
   621 | D:1      | 621 ||| READING 2 scrolls labelled NUMETU ROCUA.
   622 | D:1      | 622 ||| READING 2 scrolls labelled TOJEGR APUZE.
   623 | D:1      | 623 ||| READING scroll labelled EFIYRGHOVYHI.
   624 | D:1      | 624 ||| READING scroll labelled ERRETE EFEYG.
   625 | D:1      | 625 ||| READING scroll labelled WOMIDEM ZE SIA.
   626 | D:1      | 626 ||| DRINKING 2 fizzy clear potions.
   627 | D:1      | 627 ||| DROPPING scroll of magic mapping.
   628 | D:1      | 628 ||| DROPPING scroll of butterflies.
   629 | D:1      | 629 ||| DROPPING potion of magic.
   630 | D:1      | 630 ||| DROPPING scroll of fear.
   632 | D:1      | 632 ||| Stepping ~*~*~tactically~*~*~ (cloud).
   843 | D:2      | Reached skill level 1 in Armour
  1429 | D:2      | 1429 ||| UPGRADING to amulet of regeneration.
  1434 | D:2      | 1434 ||| READING scroll labelled EJERAHY ZULIAL.
  1435 | D:2      | 1435 ||| READING scroll labelled JACINWON RARPHENA.
  1436 | D:2      | 1436 ||| DRINKING 3 bubbling clear potions.
  1485 | D:2      | 1485 ||| DROPPING 2 potions of lignification.
  1552 | D:3      | Reached XP level 4. HP: 38/38 MP: 3/3
  1585 | D:3      | Reached skill level 6 in Ranged Weapons
  1898 | D:3      | 1898 ||| READING scroll labelled EFINTI LYNAES.
  1915 | D:3      | 1915 ||| DRINKING 4 ruby potions.
  1916 | D:3      | 1916 ||| DRINKING 2 amethyst potions.
  1917 | D:3      | 1917 ||| READING 3 scrolls of identify.
  1917 | D:3      | 1917 ||| IDENTIFYING purple potion
  1918 | D:3      | 1918 ||| READING 2 scrolls of identify.
  1918 | D:3      | 1918 ||| IDENTIFYING fizzy golden potion
  1955 | D:4      | Noticed a phantom
  1960 | D:4      | Killed a phantom
  1961 | D:4      | Reached XP level 5. HP: 47/47 MP: 4/4
  2005 | D:4      | Noticed a black bear
  2017 | D:4      | HP: 11/47 [black bear (3)]
  2017 | D:4      | Slain by a gnoll

Levels and vault maps discovered:
D:1:      amcnicky_arrival_double_pillar, layout_basic
D:2:      layout_loops_ring
D:3:      layout_rooms, st_stairs_13
D:4:      layout_basic, lemuel_crystal_altar, uniq_pikel

Skill      XL: |  1  2  3  4 |
---------------+-------------+-----
Ranged Weapons | 5 6 |  6.5
Fighting       | 3 4 |  4.7
Armour         | 1 |  1.0
Dodging        | |  2.1
Stealth        | |  0.7

Action                     |  1- 3 |  4- 6 || total
---------------------------+-------+-------++-------
   Fire: Shortbow          |   125 |    72 ||   197
    Use: Scroll            |     8 |     3 ||    11
         Potion            |     2 |     2 ||     4
 Armour: Leather armour    |    10 |       ||    10
         Ring mail         |     6 |    21 ||    27
  Dodge: Dodged            |    24 |    24 ||    48

Table legend:
 A = Non-vault XP
 B = Vault XP
 C = Vault XP percentage of total XP
 D = Non-vault monster count
 E = Vault monster count
 F = Vault count percentage of total count
                 A         B        C        D         E       F
            +---------+---------+-------+---------+---------+-------
      Total |     319 |       1 |   0.3 |      61 |       1 |   1.6
            +---------+---------+-------+---------+---------+-------
        D:1 |      46 |       0 |   0.0 |      24 |       0 |   0.0
        D:2 |      36 |       0 |   0.0 |      17 |       0 |   0.0
        D:3 |      52 |       1 |   1.9 |      13 |       1 |   7.1
        D:4 |     185 |       0 |   0.0 |       7 |       0 |   0.0
            +---------+---------+-------+---------+---------+-------
